 Dungeon Crawl Stone Soup version 0.25-a0-1024-gbfbf38f2cb (webtiles) character file.

Game seed: 6391395908848706111, levelgen mode: deterministic

79 Flugslaktarn the Shield-Bearer (level 4, -4/31 HPs)
             Began as an Octopode Fighter on May 12, 2020.
             Slain by a gnoll
             ... wielding a +0 halberd
              (16 damage)
             ... on level 2 of the Dungeon.
             The game lasted 00:00:27 (1457 turns).

Flugslaktarn the Shield-Bearer (Octopode Fighter)   Turns: 1457, Time: 00:00:27

Health: -4/31      AC:  1    Str: 15    XL:     4   Next: 38%
Magic:  4/4        EV: 12    Int: 10    God:
Gold:   30         SH:  9    Dex: 12    Spells: 3/3 levels left

rFire    . . .     SeeInvis .   a - +0 war axe
rCold    . . .     Gourm    .   b - +0 kite shield
rNeg     . . .     Faith    .   (helmet restricted)
rPois    .         Spirit   .   (no amulet)
rElec    .         Reflect  .   (no ring)
rCorr    .         Harm     .   (no ring)
MR       .....                  (no ring)
Stlth    ++........             (no ring)
HPRegen  0.10/turn              (no ring)
MPRegen  0.09/turn              (no ring)
                                (no ring)
                                (no ring)

@: no status effects
A: almost no armour, stealthy swim, amphibious, 8 rings, constrict 8, camouflage
1, gelatinous body 1
a: no special abilities


You were on level 2 of the Dungeon.
You were hungry.

You visited 1 branch of the dungeon, and saw 2 of its levels.

You collected 30 gold pieces.

Inventory:

Hand Weapons
 a - a +0 war axe (weapon)
Armour
 b - a +0 kite shield (worn)
Scrolls
 e - a scroll of noise {unknown}
 f - a scroll of enchant armour {unknown}
 g - 2 scrolls of identify {unknown}
 h - a scroll of magic mapping {unknown}
 k - a scroll of enchant weapon {unknown}
Potions
 d - 2 potions of might
 i - a potion of degeneration {unknown}
 j - a potion of berserk rage {unknown}
Comestibles
 c - 3 rations


   Skills:
 + Level 3.4 Fighting
 * Level 3.1 Axes
 + Level 3.5 Dodging
 + Level 3.5 Shields


You had 3 spell levels left.
You didn't know any spells.
Your spell library was empty.

Dungeon Overview and Level Annotations

Branches:
Dungeon (2/15)

Altars:


Innate Abilities, Weirdness & Mutations

You cannot wear most types of armour.
You are very stealthy in the water. (Stealth+)
You are amphibious.
You can wear up to eight rings at the same time.
You can use your tentacles to constrict eight enemies at once.
Your skin changes colour to match your surroundings (Stealth+).
Your rubbery body absorbs attacks. (AC +1, EV +1)


Message History

You hit the gnoll. x2; You constrict the gnoll.
You block the gnoll's attack. The gnoll hits you with a +0 spear.
The gnoll closely misses you. The gnoll barely misses you.
You slash the gnoll!
You kill the gnoll!
Your Axes skill increases to level 3!
You have reached level 4!
You hit the gnoll. x2; You constrict the gnoll.
You kill the gnoll!
The gnoll misses you. You block the gnoll's attack.
The gnoll hits you but does no damage.
You slash the gnoll! You grab the gnoll.
The gnoll is severely wounded.
You constrict the gnoll, but do no damage.
The gnoll completely misses you.
You slash the gnoll!
You kill the gnoll!
The gnoll hits you from afar with a +0 halberd!
Ouch! That really hurt!
You die...

#####
########...#
#...g)@..#.#
#.######...#
#).)# ##.##
.....# #.#
#.....#
#.###
#..####
#...# ...
###.# ....
#.# ....$
#.#


You could see a gnoll.

Vanquished Creatures
  4 gnolls
  5 dart slugs (D:1)
  4 hobgoblins (D:1)
  7 jackals (D:1)
  4 kobolds
  2 bats
  A frilled lizard (D:2)
  3 goblins (D:1)
  2 rats (D:1)
32 creatures vanquished.

Notes
Turn   | Place    | Note
-------+----------+-------------------------------------------
     0 | D:1      | Flugslaktarn the Octopode Fighter began the quest for the
                  | Orb.
     0 | D:1      | Reached XP level 1. HP: 16/16 MP: 1/1
   216 | D:1      | Reached XP level 2. HP: 14/21 MP: 2/2
   624 | D:1      | Reached XP level 3. HP: 26/26 MP: 3/3
  1450 | D:2      | Reached XP level 4. HP: 11/31 MP: 4/4
  1457 | D:2      | Slain by a gnoll

Illustrated notes

Levels and vault maps discovered:
D:1:      sevenhm_arrival_forest_fort_small_3, layout_loops_corners
D:2:      layout_loops_cross, minmay_pentomino_pile

Skill      XL: |  1  2  3 |
---------------+----------+-----
Axes           | 3 |  3.1
Fighting       | |  3.4
Dodging        | |  3.5
Shields        | |  3.5

Action                   |  1- 3 |  4- 6 || total
-------------------------+-------+-------++-------
Melee: War axe           |    49 |     2 ||    51
       Constrict         |    14 |     1 ||    15
       Tentacles         |     6 |       ||     6
 Stab: Sleeping          |     8 |       ||     8
  Eat: Chunk             |     1 |       ||     1
Armor: Skin              |     2 |       ||     2
Dodge: Dodged            |    18 |     2 ||    20
Block: Kite shield       |    17 |     1 ||    18

Table legend:
 A = Non-vault XP
 B = Vault XP
 C = Vault XP percentage of total XP
 D = Non-vault monster count
 E = Vault monster count
 F = Vault count percentage of total count
                 A         B        C        D         E       F
            +---------+---------+-------+---------+---------+-------
      Total |     114 |       0 |   0.0 |      32 |       0 |   0.0
            +---------+---------+-------+---------+---------+-------
        D:1 |      67 |       0 |   0.0 |      26 |       0 |   0.0
        D:2 |      47 |       0 |   0.0 |       6 |       0 |   0.0
            +---------+---------+-------+---------+---------+-------
